 Dungeon Crawl Stone Soup version 0.25-a0-781-gc44aebf4fe (webtiles) character file.

Game seed: 11811175045668098580, levelgen mode: deterministic

60 sanka the Scratcher (level 3, 0/15 HPs)
             Began as a Felid Wanderer on Apr 15, 2020.
             Killed by nerve-wracking pain
             ... invoked by a shadow imp
             ... summoned by Natasha
              (5 damage)
             ... on level 2 of the Dungeon.
             The game lasted 00:04:04 (2863 turns).

sanka the Scratcher (Felid Wanderer)                Turns: 2863, Time: 00:04:05

Health: 0/15       AC:  1    Str:  8    XL:     3   Next: 80%
Magic:  1/7        EV: 18    Int: 13    God:
Gold:   57         SH:  0    Dex: 16    Spells: 5/6 levels left
                                        Lives:  0   Deaths: 0

rFire    . . .     SeeInvis +     - Unarmed
rCold    . . .     Gourm    .   (shield unavailable)
rNeg     . . .     Faith    .   (armour unavailable)
rPois    .         Spirit   .   (helmet unavailable)
rElec    .         Reflect  .   (cloak unavailable)
rCorr    .         Harm     .   (gloves unavailable)
MR       .....                  (boots unavailable)
Stlth    ++++......             (no amulet)
HPRegen  0.05/turn              i - ring of stealth
MPRegen  0.10/turn              (no ring)

@: very slightly contaminated, slowed, slow
A: very small, no armour, no weapons or thrown items, stealth, claws 1, fangs 3,
see invisible, carnivore, speed 1, shaggy fur 1, slow metabolism 1, sharp paws
a: no special abilities


You were on level 2 of the Dungeon.
You were completely stuffed.

You visited 1 branch of the dungeon, and saw 3 of its levels.

You collected 57 gold pieces.


Innate Abilities, Weirdness & Mutations

You cannot wear armour.
You are incapable of wielding weapons or throwing items.
Your paws allow you to move quietly. (Stealth)
You have sharp claws.
You have razor-sharp teeth.
You have supernaturally acute eyesight. (SInv)
You are carnivorous and can eat meat at any time.
You cover ground quickly.
You are covered in fur. (AC +1)
You have a slow metabolism.
Your sharp claws are effective at attacking unaware monsters.


   Skills:
 - Level 1.0 Fighting
 - Level 2.6 Dodging
 - Level 2.6 Stealth
 + Level 4.2 Unarmed Combat
 - Level 2.0 Spellcasting
 - Level 1.0 Air Magic


You had 5 spell levels left.
You knew the following spells:

 Your Spells              Type           Power        Failure   Level  Hunger
z - Shock                 Conj/Air       #...         21%         1    ##.....

Your spell library contained the following spells:

 Spells                   Type           Power        Failure   Level  Hunger
 Static Discharge         Conj/Air       #.......     52%         3    ####...

Inventory:

Jewellery
 i - a ring of stealth (left paw)
Scrolls
 a - 2 scrolls of enchant armour {unknown}
 e - 2 scrolls of fog {unknown}
 f - 4 scrolls of identify {unknown}
 g - 2 scrolls of remove curse {unknown}
 h - a scroll of random uselessness {unknown}
 l - a scroll of teleportation {unknown}
 m - a scroll of noise {unknown}
 o - a scroll of immolation {unknown}
Potions
 b - 3 potions of curing {@q1}
 d - a potion of mutation {unknown}
 j - a potion of heal wounds {unknown}
 k - a potion of lignification {unknown}
 n - 2 potions of berserk rage {unknown}
Comestibles
 c - 5 rations

Dungeon Overview and Level Annotations

Branches:
Dungeon (3/15)

Altars:
Qazlal
Trog

Annotations:
D:2 Natasha

▒▒▒▒.▒ ▒....▒
▒.▒▒.▒ ▒.▒▒.▒
▒.▒▒.▒ ▒▒▒▒.▒▒.▒
▒▒▒▒▒▒▒ ..▒▒.▒▒.▒
▒.....▒
..▒▒.▒▒.▒▒▒▒▒..5..▒
................h.▒
..▒▒.▒▒▒▒▒▒.▒..5.h▒
..▒▒.▒ ▒.▒.....▒
..▒▒.▒ ▒▒'▒▒▒▒▒▒▒
..▒▒.▒▒▒▒▒........▒
..▒▒.....▒........▒
..▒▒.....▒........▒
.........▒........▒
...(.....▒...÷....▒


You could see Natasha and 2 shadow imps.


Message History

* * * LOW HITPOINT WARNING * * *
You scratch Natasha but do no damage.
Natasha is severely wounded.
Natasha misses you.
You scratch Natasha. Your bite misses Natasha.
Natasha is almost dead.
Natasha stares at you and mumbles some strange words.
You feel yourself slow down.
You miss Natasha.
Natasha is almost dead.
Natasha casts a spell.
You closely miss Natasha.
Natasha is almost dead.
Natasha mumbles some strange words.
The shadow imp hits you but does no damage.
Natasha misses you.
You completely miss Natasha.
Natasha is almost dead.
The shadow imp misses you. Natasha completely misses you.
The shadow imp closely misses you.
You closely miss Natasha.
Natasha is almost dead.
The shadow imp misses you. Natasha barely misses you.
The shadow imp closely misses you. The shadow imp gestures at you.
Pain shoots through your body!
You die...

Action                   || total
-------------------------++-------
Melee: Unarmed           ||    49
       Bite              ||     2
 Cast: Shock             ||    88
  Eat: Chunk             ||    13
Armor: Skin              ||     6
Dodge: Dodged            ||    74

Levels and vault maps discovered:
D:1:      matt_arrival_diagonals, layout_basic
D:2:      layout_basic, lemuel_doored_altar
D:3:      layout_basic, grunt_qazlal_sundering, uniq_natasha

Notes
Turn   | Place    | Note
-------+----------+-------------------------------------------
     0 | D:1      | sanka the Felid Wanderer began the quest for the Orb.
     0 | D:1      | sanka set off with the following items: a potion of curing
                  | {@q1}, a ration; and the following spell memorised: Shock;
                  | and the following spells available to memorise: Static
                  | Discharge
     0 | D:1      | Reached XP level 1. HP: 9/9 MP: 4/4
   215 | D:1      | Reached XP level 2. HP: 12/12 MP: 1/6
   283 | D:1      | Reached skill level 3 in Unarmed Combat
  1594 | D:2      | Reached XP level 3. HP: 15/15 MP: 5/7
  2102 | D:2      | Found a bloodstained altar of Trog.
  2110 | D:2      | Reached skill level 4 in Unarmed Combat
  2846 | D:3      | Found a stormy altar of Qazlal.
  2846 | D:3      | Noticed Natasha
  2863 | D:2      | Killed from afar by a shadow imp

Vanquished Creatures
  An adder (D:2)
  An ooze (D:1)
  A worm (D:2)
  A dart slug (D:2)
  2 leopard geckos
  4 bats
  2 giant cockroaches
  3 hobgoblins (D:1)
  3 jackals (D:1)
  4 kobolds
  A quokka (D:2)
  3 frilled lizards
  6 goblins
  6 rats
38 creatures vanquished.
